 Dungeon Crawl Stone Soup version 0.29-a0-561-ga02bf68b3c (webtiles) character file.

Game seed: 8936325676772507663

24 KristoblXynda the Slasher (level 2, -1/23 HPs)
             Began as a Demonspawn Gladiator on June 11, 2022.
             Killed by nerve-wracking pain
             ... invoked by Jessica
              (7 damage)
             ... on level 2 of the Dungeon.
             The game lasted 00:00:47 (924 turns).

KristoblXynda the Slasher (Demonspawn Gladiator)     Turns: 924, Time: 00:00:48

Health: -1/23      AC:  4    Str: 14    XL:     2   Next: 79%
Magic:  2/2        EV: 12    Int:  9    God:
Gold:   19         SH:  0    Dex: 14    Spells: 1/1 levels left

rFire   . . .      SeeInvis .   a - +0 long sword
rCold   . . .      Faith    .   (no shield)
rNeg    . . .      Spirit   .   b - +0 leather armour
rPois   .          Reflect  .   c - +0 helmet
rElec   .          Harm     .   (no cloak)
rCorr   .          Rampage  .   (no gloves)
Will    .....                   (no boots)
Stlth   +.........              (no amulet)
HPRegen 0.07/turn               (no ring)
MPRegen 0.08/turn               (no ring)

@: no status effects
A: claws 1
a: no special abilities


You were on level 2 of the Dungeon.
You visited 1 branch of the dungeon, and saw 2 of its levels.

You collected 19 gold pieces.

Inventory:

Hand Weapons
 a - a +0 long sword (weapon)
Missiles
 d - 3 throwing nets (quivered)
 e - a javelin
Armour
 b - a +0 leather armour (worn)
 c - a +0 helmet (worn)
Scrolls
 f - a scroll of immolation


   Skills:
 + Level 2.4 Fighting
 + Level 3.0 Long Blades
 - Level 2.0 Throwing
 + Level 0.4 Armour
 + Level 2.9 Dodging


You had one spell level left.
You didn't know any spells.
Your spell library contained the following spells:

 Spells                   Type           Power      Damage    Failure   Level
 Static Discharge         Conj/Air       0%         N/A       61%         2
 Dispel Undead            Necr           0%         3d6       99%         4
 Sticky Flame             Conj/Fire      0%         2d3       99%         4


Dungeon Overview and Level Annotations

Branches:
Dungeon (2/15)

Altars:

Annotations:
D:2 Jessica


Innate Abilities, Weirdness & Mutations

You have sharp fingernails.


Message History

It is a scroll of identify.
You don't have any unidentified items.
The endoplasm freezes you.
You are frozen.
Okay, then.
The endoplasm attacks as you move away! The endoplasm closely misses you.
Jessica the Apprentice Sorceress comes into view.
She is wielding a +0 dagger.
Jessica shouts!
The endoplasm jiggles.
The endoplasm attacks as you move away!
The endoplasm hits you but does no damage.
Jessica mumbles some strange words.
Jessica blinks!
The endoplasm attacks as you move away! The endoplasm completely misses you.
Jessica gestures wildly while chanting.
Jessica blinks!
Jessica hits you but does no damage.
You hit Jessica.
Jessica is heavily wounded.
Jessica hits you with a +0 dagger. The endoplasm freezes you.
You are frozen.
You completely miss Jessica.
Jessica is heavily wounded.
Jessica barely misses you. The endoplasm freezes you.
You are frozen.
The endoplasm hits you. Jessica barely misses you.
You hit Jessica but do no damage.
Jessica is heavily wounded.
Jessica closely misses you. The endoplasm hits you.
You hit Jessica but do no damage.
Jessica is heavily wounded.
Jessica misses you. The endoplasm freezes you.
You are frozen.
* * * LOW HITPOINT WARNING * * *
The endoplasm attacks as you move away! The endoplasm barely misses you.
Jessica casts a spell at you. Pain shoots through your body!
You die...

.#. ..## #..#
#..# #..# #..###
#.SJ.# #..#.##
##S#@@# #.##.#
#g.#.# ##.#.#
#.#.#
####.#.######
##...........##
##.............##
#.....(.........#


You could see an adder (inner flame), Jessica and an endoplasm (inner flame).

Vanquished Creatures
  3 dart slugs (D:1)
  An endoplasm (D:2)
  A goblin (D:1)
  2 hobgoblins (D:1)
  2 quokkas (D:1)
  4 ball pythons
  4 rats (D:1)
17 creatures vanquished.

Notes
Turn   | Place    | Note
-------+----------+-------------------------------------------
     0 | D:1      | KristoblXynda the Demonspawn Gladiator began the quest for
                  | the Orb.
     0 | D:1      | Reached XP level 1. HP: 16/16 MP: 1/1
   402 | D:1      | Discovered your monstrous ancestry.
   402 | D:1      | Gained mutation: You have sharp fingernails. [demonic
                  | ancestry]
   402 | D:1      | Reached XP level 2. HP: 20/22 MP: 2/2
   453 | D:1      | Found a faded altar of an unknown god.
   728 | D:1      | Reached skill level 3 in Long Blades
   913 | D:2      | Noticed Jessica
   924 | D:2      | Killed from afar by Jessica

Illustrated notes

Levels and vault maps discovered:
D:1:      minmay_arrival_loop, layout_loops_ring,
          chequers_ecumenical_altar_lobes
D:2:      layout_rooms, uniq_jessica

Skill      XL: |  1  2 |
---------------+-------+-----
Throwing       | 2 |  2.0
Long Blades    | 3 |  3.0
Fighting       | |  2.4
Armour         | |  0.4
Dodging        | |  2.9

Action                   || total
-------------------------++-------
Melee: Long sword        ||    41
  Use: Scroll            ||     2
 Stab: Sleeping          ||     3
Armor: Leather armour    ||    10
Dodge: Dodged            ||    26

Table legend: (Time is in decaauts)
 A = Elapsed time spent in this place.
 B = Non-inter-level travel time spent in this place.
 C = Inter-level travel time spent in this place.
 D = Time resting spent in this place.
 E = Time spent auto-exploring this place.
 F = Levels seen in this place.
 G = Mean time per level.
                   A        B        C        D        E       F      G
               +--------+--------+--------+--------+--------+-----+--------+
         Total |    934 |    918 |     16 |      0 |    788 |   2 |  467.0 |
       Dungeon |    934 |    918 |     16 |      0 |    788 |   2 |  467.0 |
               +--------+--------+--------+--------+--------+-----+--------+

Top non-repeatable levels by time:
     D:1: 907 daAuts
     D:2: 26 daAuts
